 Dungeon Crawl Stone Soup version 0.22-a0-458-gb446440 (webtiles) character file.

441 4thArraOfDagon the Cleaver (level 7, -3/63 HPs)
             Began as a Hill Orc Fighter on June 8, 2018.
             Slain by an orc warrior
             ... wielding a +0 mace
              (7 damage)
             ... on level 6 of the Dungeon.
             The game lasted 00:05:16 (792 turns).

4thArraOfDagon the Cleaver (Hill Orc Fighter)        Turns: 792, Time: 00:05:17

Health: -3/63      AC: 14    Str: 24    XL:     7   Next: 2%
Magic:  7/7        EV:  9    Int: 15    God:
Gold:   51         SH:  0    Dex: 10    Spells: 6/6 levels left

rFire    + . .     SeeInvis .   a - +0 war axe
rCold    + . .     Gourm    .   (no shield)
rNeg     + . .     Faith    .   b - +0 scale mail
rPois    .         Spirit   .   j - +2 helmet
rElec    .         Reflect  .   c - scarf {rC+ rF+}
rCorr    .         Harm     .   (no gloves)
MR       .....                  (no boots)
Stlth    ..........             (no amulet)
HPRegen  0.20/turn              e - +4 ring of protection
MPRegen  0.10/turn              k - ring of positive energy (curse)

@: mighty, brilliant, drained
A: no striking features
a: no special abilities


You were on level 6 of the Dungeon.
You were not hungry.

You visited 1 branch of the dungeon, and saw 7 of its levels.

You collected 51 gold pieces.

Inventory:

Hand Weapons
 a - a +0 war axe (weapon)
Armour
 b - a +0 scale mail (worn)
 c - a scarf of resistance (worn)
 j - a +2 helmet (worn)
Jewellery
 e - a +4 ring of protection (left hand)
 k - a cursed ring of positive energy (right hand)
Wands
 l - a wand of random effects (2)
 q - a wand of flame (25)
Scrolls
 g - a scroll of teleportation {unknown}
 h - a scroll of random uselessness {unknown}
 n - a scroll of noise {unknown}
 o - 2 scrolls of remove curse {unknown}
Comestibles
 f - 4 rations


   Skills:
 + Level 6.0 Fighting
 * Level 8.0 Axes
 - Level 3.2 Armour
   Level 3.2 Shields


You had 6 spell levels left.
You didn't know any spells.
Your spell library was empty.

Dungeon Overview and Level Annotations

Branches:
Dungeon (7/15)
 Temple: D:4-7

Altars:
Fedhas


Message History

The orc wizard gestures wildly while chanting.
The orc wizard flickers and vanishes!
Deactivating autopickup; reactivate with Ctrl-A.
Evoke which item? (* to show all) (? for menu, Esc to quit)
Okay, then.
You feel very mighty all of a sudden.
The wight hits you with an enchanted hand axe!
* * * LOW HITPOINT WARNING * * *
Unknown command.
You aren't carrying any potions.
Unknown command.
You slash the wight!
You destroy the wight!
Your Fighting skill increases to level 6!
Your Axes skill increases to level 8!
You have reached level 7!
You closely miss the orc warrior.
The orc warrior is heavily wounded.
The orc warrior hits you with a mace!
You die...

#.... #.... ..
#.... ..# #....
..# ###.... ..# )
....... #.# ..#
.......####.##...#
.......@o.o)......
....######..#####
. ##.#### #.o..#
##.#.#
########o#.#
#....oo....#
#.....o....#
#....z.....#


You could see an orc warrior and an orc wizard.

Vanquished Creatures
  Grinder (D:3)
  A bullfrog (D:6)
  2 wights (D:6)
  A centaur skeleton (D:4)
  2 adders
  An ooze (D:3)
  An adder zombie (D:5)
  An adder skeleton (D:5)
  A worm (D:3)
  3 dart slugs
  A leopard gecko (D:4)
  2 orcs
  2 giant cockroaches
  2 goblins
  A hobgoblin (D:2)
  4 kobolds
  A quokka (D:4)
  4 bats
  2 frilled lizards
  2 rats (D:3)
35 creatures vanquished.

Notes
Turn   | Place    | Note
-------+----------+-------------------------------------------
     0 | D:1      | 4thArraOfDagon the Hill Orc Fighter began the quest for the Orb.
     0 | D:1      | Reached XP level 1. HP: 19/19 MP: 1/1
     6 | D:1      | 4thArraOfDagon: just need one regen item
    22 | D:1      | Reached skill level 3 in Axes
    31 | D:1      | Sergey: for chei ?
    37 | D:1      | Reached XP level 2. HP: 18/27 MP: 2/2
    44 | D:1      | 4thArraOfDagon: ye
    86 | D:2      | 4thArraOfDagon: or any good god
   130 | D:2      | Reached skill level 4 in Axes
   166 | D:3      | Reached XP level 3. HP: 18/33 MP: 3/3
   175 | D:3      | Sergey: what you think about Gn of vehu ?
   175 | D:3      | Noticed Grinder
   176 | D:3      | Found a blossoming altar of Fedhas.
   186 | D:3      | Sergey: does it have potential ?
   195 | D:3      | Paralysed by Grinder for 5 turns
   202 | D:3      | Killed Grinder
   202 | D:3      | Reached skill level 5 in Fighting
   202 | D:3      | Reached skill level 6 in Axes
   202 | D:3      | Reached XP level 4. HP: 7/42 MP: 4/4
   202 | D:3      | Reached XP level 5. HP: 8/48 MP: 5/5
   309 | D:3      | 4thArraOfDagon: gn of vehu hmm
   309 | D:3      | Reached XP level 6. HP: 32/56 MP: 6/6
   310 | D:3      | Sergey: I mean for speedrun
   320 | D:3      | 4thArraOfDagon: yes
   320 | D:3      | 4thArraOfDagon: I think it might be difficult to pull his off
   320 | D:3      | 4thArraOfDagon: but with enough luck you can get good turncount
   370 | D:4      | 4thArraOfDagon: want to try one? :p
   389 | D:3      | Sergey: no
   434 | D:3      | You fall through a shaft for 2 floors!
   434 | D:5      | Entered Level 5 of the Dungeon
   441 | D:5      | Sergey: just discussion
   570 | D:4      | Reached skill level 7 in Axes
   595 | D:4      | Sergey: after my streak break mb Ill try something good
   680 | D:5      | Sergey: but now I havent got idea of how to deal tomb
   707 | D:5      | You fall through a shaft!
   714 | D:6      | Sergey: without shatter
   735 | D:6      | Noticed an orc warrior
   738 | D:7      | Noticed a yak
   738 | D:7      | Noticed a yak
   738 | D:7      | Noticed a yak
   738 | D:7      | Noticed a yak
   738 | D:7      | Noticed a yak
   738 | D:7      | Noticed a yak
   791 | D:6      | Reached skill level 8 in Axes
   791 | D:6      | Reached XP level 7. HP: 3/63 MP: 7/7
   792 | D:6      | Slain by an orc warrior

Vault maps used:
D:1:      dpeg_arrival_arbitrary_b, minmay_heptomino_l4
D:2:      first_ration, uniq_crazy_yiuf_cottage
D:3:      old_standard_altar, uniq_grinder
D:4:      serial_shops, shop, serial_co_window_serial, co_window_paths_a,
          co_window_paths_b, co_window_paths_a, co_window_paths_a,
          co_window_of_opportunity_a, co_window_corner_a,
          co_window_of_opportunity_a, co_window_broadway_c,
          co_window_unsneaky_path_d, co_window_of_opportunity_c,
          co_window_2corner, co_window_broadway_c, glass_columns_b,
          glass_columns_a, glass_columns_a, minmay_misc_feat_chi
D:5:      uniq_pikel
D:6:      basic_altar
D:7:      minmay_temple_entry_hall, kennysheep_nub

Skill      XL: |  1  2  3  4  5  6 |
---------------+-------------------+-----
Axes           | 3 4 6 8 |  8.0
Fighting       | 4 5 6 |  6.0
Armour         | |  3.2
Shields        | |  3.2

Action                   |  1- 3 |  4- 6 |  7- 9 || total
-------------------------+-------+-------+-------++-------
Melee: War axe           |    43 |    56 |     1 ||   100
Evoke: Wand              |       |    10 |       ||    10
  Use: Potion            |     2 |     4 |       ||     6
Armor: Scale mail        |    30 |    41 |       ||    71
Dodge: Dodged            |    31 |    37 |       ||    68

Table legend:
 A = Spawn XP
 B = Non-spawn XP
 C = Spawn XP percentage of total XP
 D = Spawn monster count
 E = Non-spawn monster count
 F = Spawn count percentage of total count
 G = Total turns spent on level
                    A         B        C        D         E        F      G
               +---------+---------+-------+---------+---------+-------+---------
         Total |       0 |     631 |   0.0 |       0 |      35 |   0.0 |   792
               +---------+---------+-------+---------+---------+-------+---------
           D:1 |       0 |      13 |   0.0 |       0 |       6 |   0.0 |    75
           D:2 |       0 |      19 |   0.0 |       0 |       4 |   0.0 |    75
           D:3 |       0 |     304 |   0.0 |       0 |      14 |   0.0 |   284
           D:4 |       0 |      61 |   0.0 |       0 |       4 |   0.0 |   196
           D:5 |       0 |      13 |   0.0 |       0 |       3 |   0.0 |    77
           D:6 |       0 |     221 |   0.0 |       0 |       4 |   0.0 |    83
               +---------+---------+-------+---------+---------+-------+---------
